 BcadrenCrawl: Boulder Brew version 0.06-688-g08e91b2d95 (webtiles) character file.

Game seed: 16876988258386413607

60 pipel the Caster of Ruination (level 3, 0/4 HPs) Fairy Priest. Began on Dec 20, 2022. Was a Believer of Vehumet. Slain by a cinder newt (1 damage) ... on level 1 of the Dungeon. The game lasted 00:04:21 (436 turns).

pipel the Caster of Ruination (Fairy Priest)         Turns: 436, Time: 00:04:22

Health: 0/4        AC:  0    Str:  4    XL:     3 ^: 11
Magic:  3/3        EV: 21    Int: 13    God:    Vehumet [2* [67]]
Gold:   22         SH:  0    Dex: 20    Spells: 2/7 levels left

rFire    . . .     Slash    +   e - ring of protection from magic
rCold    . . .     Pierce   +
rNeg     . . .     Bludgeon +
rCorr    . . .     Vision   .
rPois    .         Gourm    .
rElec    .         Faith    .
MR       +....     Spirit   .
HPRegen  0.11/turn Reflect  .
MPRegen  0.13/turn Harm     .
Stlth    +.........

@: glowing, slow
A: tiny, no armour or weapons, only one jewelry slot, no melee attacks, fairy
magic, fairy shield, decreased potion and divine healing, unfitting armour,
flight, slowness 1, fairy light 1, insubstantial
a: Fly, Renounce Religion


You were on level 1 of the Dungeon.
You worshipped Vehumet.
Vehumet was pleased with you.
You were not hungry.

You visited 1 branch of the dungeon, and saw 1 of its levels.
You also visited: Temple.

You collected 22 gold pieces.

Inventory:

Jewellery
 b - a cursed ring of resist corrosion {(Curse: rC-)}
 e - a ring of protection from magic (around core)
 f - a cursed ring of wizardry {(Curse: Stlth-)}
Scrolls
 i - a scroll of enchantment
 j - a scroll of teleportation
 k - a scroll of vulnerability
Potions
 d - a potion of haste
 g - 2 potions of heal wounds
 h - a potion of might
 l - 2 potions of curing
Comestibles
 a - 2 rations
 c - 11 chunks of flesh


   Skills:
 - Level 2.6 Dodging
 - Level 1.4 Stealth
 - Level 2.7 Spellcasting
 + Level 2.6 Fire Magic
 + Level 0.5 Ice Magic
   Level 3.6 Invocations


You had 2 spell levels left.
You knew the following spells:

 Your Spells              Type           Power        Failure   Level  Hunger
a - Foxfire Fire 8 (25) 8% 1 5-25 b - Flame Tongue Fire 8 (30) 8% 1 5-25 c - Freeze Ice 3 (25) 19% 1 5-25 d - Throw Frost Ice            3 (50)       28%         2    45-85

Your spell library contained the following spells:

 Spells                   Type           Power        Failure   Level  Hunger


Dungeon Overview and Level Annotations

Branches:
Dungeon (1/8)

Altars:


Innate Abilities, Weirdness & Mutations

You are too small to use any gear.
You can wear a single ring or amulet completely around your body.
You are incapable of melee of any kind.
Your magic reserves are extremely low but spells that normally cost one mana are free and all other spells cost one mana.
You are extremely frail but all attacks that strike you do exactly one damage.
The effect of potions and godly healing effects is reduced to match your tiny health and magic reserves.
You are able to fly continuously.
You cover ground slowly.
You exude a bright light in a small radius around yourself.
Your insubstantial form grants resistance to all physical attack and full immunity to sticky flames, nets and constriction. (rPhysical+)


Message History

The cinder newt hisses angrily.
Casting: Throw Frost (potentially lethal; 28% risk of failure)
Confirm with . or Enter, or press ? or * to list all spells.
Aiming: Freeze (safe; 19% risk of failure)
Press: ? - help, Shift-Dir - straight line, f - cinder newt
Aim: a cinder newt (86%, 86% to-hit, healthy (13/13), 50% (Melee), haloed)
You freeze the cinder newt (2).
The cinder newt is lightly wounded. (11/13) HP The cinder newt bites you (3).
The cinder newt burns you (3).
Casting: Freeze (safe; 19% risk of failure)
Confirm with . or Enter, or press ? or * to list all spells.
Aiming: Freeze (safe; 19% risk of failure)
Press: ? - help, Shift-Dir - straight line, f/p - cinder newt
Aim: a cinder newt (86%, 86% to-hit, lightly wounded (11/13), 50% (Melee), haloed)
You freeze the cinder newt (4).
The cinder newt is heavily wounded. (7/13) HP The cinder newt seems to slow down.
The cinder newt bites you (2).
* * * LOW HITPOINT WARNING * * *
The cinder newt burns you (3).
You die...

##...)..# #.....##
####...## #.....# ##...#
#.....######### #...##
#.............# ##...####
#.............#
#......####.............#
##.....÷..#.###÷#######.#
# ###........# #.# #.###
#####..@.# #.# #....
####l# #.# #...[ .# ..#
##... .# .## #### .# .
.##. .# .#


You could see a cinder newt (slow).

Vanquished Creatures
  A giant cockroach (D:1)
  A gnoll (D:1)
  2 cinder newts (D:1)
  A dart slug (D:1)
  6 goblins (D:1)
  3 kobolds (D:1)
  6 bats (D:1)
  4 rats (D:1)
24 creatures vanquished.

Vanquished Creatures (others)
  51 foxfires (D:1)
  A plant (D:1)
52 creatures vanquished.

Grand Total: 76 creatures vanquished

Notes
Turn   | Place    | Note
-------+----------+-------------------------------------------
     0 | Start Te | pipel the Fairy Priest began the quest for the Orb.
     0 | Start Te | Reached XP level 1. HP: 3/3 MP: 3/3
     0 | Start Te | Found a sparkling altar of Nemelex Xobeh.
     1 | Start Te | Found a basalt altar of Yredelemnul.
     1 | Start Te | Found a white marble altar of Elyvilon.
     2 | Start Te | Found an iron altar of Okawaru.
     3 | Start Te | Found a glowing silver altar of Zin.
     3 | Start Te | Found a blossoming altar of Fedhas.
     4 | Start Te | Found a stormy altar of Qazlal.
     5 | Start Te | Became a worshipper of Vehumet
     5 | Start Te | Reached * piety under Vehumet
     5 | Start Te | Offered knowledge of Flame Tongue by Vehumet.
     5 | Start Te | Offered knowledge of Freeze by Vehumet.
     5 | Start Te | Reached ** piety under Vehumet
   132 | D:1      | Reached skill level 1 in Spellcasting
   132 | D:1      | Reached XP level 2. HP: 3/3 MP: 3/3
   135 | D:1      | Learned a level 1 spell: Flame Tongue
   137 | D:1      | Learned a level 1 spell: Freeze
   198 | D:1      | Reached XP level 3. HP: 4/4 MP: 3/3
   390 | D:1      | Offered knowledge of Throw Frost by Vehumet.
   394 | D:1      | Learned a level 2 spell: Throw Frost
   436 | D:1      | Slain by a cinder newt

Illustrated notes

Levels and vault maps discovered:
D:1:      psy_arrival_conway, layout_basic, serial_curves, eino_curves_01,
          eino_curves_04, eino_curves_04, eino_curves_02

Skill      XL: |  1  2  3 |
---------------+----------+-----
Spellcasting   | 1 2 |  2.7
Fire Magic     | 2 |  2.6
Dodging        | |  2.6
Stealth        | |  1.4
Ice Magic      | |  0.5
Invocations    | |  3.6

Action                   || total
-------------------------++-------
 Cast: Foxfire           ||    34
       Flame Tongue      ||    12
       Freeze            ||     8
       Throw Frost       ||     1
Dodge: Dodged            ||     5
